 Dungeon Crawl Stone Soup version 0.17-a0-2098-gf59d6bc (webtiles) character file.

40063 st0uf the Grappler (level 13, -2/139 HPs)
             Began as a Troll Fighter on Oct 17, 2015.
             Was a High Priest of Okawaru.
             Slain by a six-headed hydra (6 damage)
             ... on level 11 of the Dungeon.
             The game lasted 01:50:25 (15212 turns).

st0uf the Grappler (Troll Fighter)                 Turns: 15212, Time: 01:50:25

Health: -2/139     AC:  8    Str: 29    XL:     13   Next: 72%
Magic:  0/20       EV:  8    Int: 11    God:    Okawaru [*****.]
Gold:   1144       SH: 10    Dex:  9    Spells: 0 memorised, 12 levels left

rFire  . . .     SeeInvis .       - Unarmed
rCold  . . .     Clarity  .     W - +3 robe of Surum {Int+5}
rNeg   . . .     SustAt   .     b - +1 shield
rPois  +         Gourm    +     (helmet restricted)
rElec  .         Spirit   +     (no cloak)
rCorr  .         Warding  .     (gloves unavailable)
rMut   .         Stasis   .     (boots unavailable)
MR     .....                    k - amulet of guardian spirit
Stlth  +.........               Q - ring of poison resistance
                                R - +6 ring of slaying

@: not resistant to hostile enchantments, very unstealthy
A: unfitting armour, claws 3, fast metabolism 3, gourmand, regeneration 2,
shaggy fur 1, spit poison 1, tough skin 2
a: Spit Poison, Heroism, Finesse, Renounce Religion


You were on level 11 of the Dungeon.
You worshipped Okawaru.
Okawaru was extremely pleased with you.
You were very full.

You visited 3 branches of the dungeon, and saw 18 of its levels.
You also visited: Volcano.

You collected 1144 gold pieces.

Inventory:

Missiles
 Y - 4 large rocks (quivered)
Armour
 b - a +1 shield (worn)
 W - the +3 robe of Surum (worn) {Int+5}
   (You found it on level 1 of the Lair of Beasts)

   It affects your intelligence (+5).
Jewellery
 h - an uncursed amulet of resist corrosion
 k - an amulet of guardian spirit (around neck)
 r - a +4 ring of protection
 J - an uncursed ring of see invisible
 Q - a ring of poison resistance (right claw)
 R - a +6 ring of slaying (left claw)
 T - an uncursed ring of poison resistance
 V - an uncursed amulet of regeneration
 Z - an uncursed ring of flight
Wands
 g - a wand of confusion (15)
 m - a wand of enslavement (10)
 w - a wand of slowing (24)
 y - a wand of polymorph (2)
 B - a wand of frost (16)
 I - a wand of magic darts (13)
 M - a wand of hasting (5)
 N - a wand of polymorph (9)
 S - a wand of fire (0)
 X - a wand of digging (13)
Scrolls
 e - 3 scrolls of enchant weapon
 i - 12 scrolls of remove curse
 q - 2 scrolls of enchant armour
 A - 3 scrolls of recharging
 C - a scroll of identify
 D - 4 scrolls of fear
 P - 3 scrolls of magic mapping
 U - 3 scrolls of teleportation
Potions
 a - a potion of invisibility
 c - 2 potions of might
 j - a potion of agility
 l - 4 potions of brilliance
 s - a potion of cancellation
 u - a potion of haste
 v - 2 potions of curing
 x - 3 potions of flight
 z - a potion of magic {unknown}
 L - 2 potions of berserk rage
Books
 t - a book of Necromancy

   Spells                             Type                      Level
   a - Pain                           Necromancy                   1
   b - Animate Skeleton               Necromancy                   1
   c - Vampiric Draining              Necromancy                   3
   d - Regeneration                   Charms/Necromancy            3
   e - Animate Dead                   Necromancy                   4
   f - Control Undead                 Necromancy                   4
 F - a book of Party Tricks

   Spells                             Type                      Level
   a - Summon Butterflies             Summoning                    1
   b - Apportation                    Translocation                1
   c - Tukima's Dance                 Hexes                        3
   d - Alistair's Intoxication        Transmutation/Poison         4
   e - Invisibility                   Hexes                        6
Miscellaneous
 E - a phial of floods
Comestibles
 d - 12 bread rations
 f - 3 royal jellies
 n - 9 fruits
 o - 11 slices of pizza
 p - 10 chunks of flesh
 H - 9 meat rations
 O - 3 beef jerkies


   Skills:
 + Level 11.7 Fighting
 - Level 2.4 Dodging
 - Level 2.4 Shields
 + Level 13.3 Unarmed Combat
 - Level 11.2 Evocations


You had 12 spell levels left.
You didn't know any spells.

Dungeon Overview and Level Annotations

Branches:
Dungeon (12/15)            Temple (1/1) D:4            Lair (6/8) D:8
 Shoals (0/4) Lair:6       Spider (0/4) Lair:6
  Slime: Lair:6-8       Orc: D:9-12

Altars:
Ashenzari
Cheibriados
Elyvilon
Fedhas
Gozag
Kikubaaqudgha
Makhleb
Nemelex Xobeh
Okawaru
Qazlal
Ru
Sif Muna
Trog
Vehumet
Yredelemnul
Zin
The Shining One

Shops:
D:6 }

Annotations:
Lair:6 exclusion: 4 oklob plants


Innate Abilities, Weirdness & Mutations

You are too large for most types of armour.
You have claws for hands.
Your metabolism is lightning-fast.
You like to eat raw meat.
You heal very quickly.
You are covered in fur (AC +1).
You have very tough skin (AC +2).
You can spit weak poison.


Message History

You feel robust.
You feel more energetic.
You block the six-headed hydra's attack.
The six-headed hydra bites you!
* * * LOW HITPOINT WARNING * * *
The six-headed hydra bites you!
* * * LOW HITPOINT WARNING * * *
The six-headed hydra bites you!
* * * LOW HITPOINT WARNING * * *
The six-headed hydra bites you.
* * * LOW HITPOINT WARNING * * *
You block the six-headed hydra's attack.
Evoke which item? (* to show all) (? for menu, Esc to quit)
Zapping:
m - a wand of enslavement (11)
Press: ? - help, Shift-Dir - straight line, f/p - six-headed hydra
Aim: a six-headed hydra (severely wounded, chance to defeat MR: 34%)
The six-headed hydra easily resists.
This wand has 10 charges left.
The six-headed hydra bites you!
* * * LOW HITPOINT WARNING * * *
The six-headed hydra bites you.
You die...

#..########.##..#.#########.
#..# #.##............#. #..#
#.####..#######...
#..########.# #..# #...
#........##.# #..#### #...
#.######)##.####.....# ##...
#.# #)##.......##.# #....
#.######(#...###..##.# #.###
#.......).(@## ##.##.# #.#
#######...#D# #.##.# #.#
#...FC# ##.##.# #.# #.(#†##
#.....# #.# #.##..
#####.###.# #.#.)$( ##.##.#
#.#....# #.##.# #.##[.##
#.##.# #### #....#


You could see a six-headed hydra, a hill giant and a giant frog.

Vanquished Creatures
  Maud (Lair:4)
  A hydra (Lair:4)
  A catoblepas (Lair:4)
  5 death yaks (Lair:3)
  A hill giant (D:11)
  An ugly thing (D:12)
  A griffon (Lair:6)
  4 black mambas
  2 molten gargoyles (Volcano)
  A centaur skeleton (D:11)
  10 komodo dragons
  An efreet (Volcano)
  9 spiny frogs
  3 fire drakes
  2 red devils (Volcano)
  6 polar bears (Lair:6)
  Grinder (D:5)
  A boulder beetle (D:11)
  18 blink frogs
  A snapping turtle (Lair:6)
  3 trapdoor spiders (Lair:6)
  Sigmund (D:4)
  42 yaks
  A human (D:7)
  2 basilisks
  Eustachio (D:5)
  2 fire bats (Volcano)
  2 wyverns (D:11)
  11 wolves
  2 deep elf magi (D:11)
  Edmund (D:6)
  4 porcupines
  10 hippogriffs
  19 water moccasins
  2 ice beasts
  A phantom (D:6)
  2 orc warriors
  2 black bears
  5 ogres
  2 sky beasts
  7 centaurs
  9 crocodiles
  The ghost of 4thArraOfDagon the Chopper, an amateur OpGl of Cheibriados (D:4)
  6 big kobolds
  11 giant frogs
  8 killer bees
  4 scorpions
  2 electric eels
  3 lava snakes
  3 orc wizards
  The ghost of 4thArraOfDagon the Chopper, a weakling VSBe of Trog (D:3)
  8 crimson imps
  2 giant frog zombies (D:5)
  2 jellies
  7 iguanas
  2 orc priests
  Ijyb (D:3)
  2 giant frog skeletons
  7 worker ants
  A killer bee zombie (D:7)
  9 sheep
  A hound skeleton (D:11)
  4 worker ant zombies
  3 gnolls
  51 river rats
  11 adders
  A shadow imp (D:7)
  2 oozes
  2 worms
  2 adder skeletons
  6 giant geckos
  26 orcs
  5 giant cockroaches
  14 goblins
  10 hobgoblins
  15 jackals
  6 quokkas
  5 ball pythons
  5 bats
  3 giant newts
  A jackal zombie (D:6)
  23 kobolds
  A quokka skeleton (D:7)
  A quokka zombie (D:5)
  8 rats
487 creatures vanquished.

Vanquished Creatures (others)
  2 fungi
  A plant (Lair:1)
3 creatures vanquished.

Grand Total: 490 creatures vanquished

Notes
Turn   | Place    | Note
--------------------------------------------------------------
     0 | D:1      | st0uf the Troll Fighter began the quest for the Orb.
     0 | D:1      | Reached XP level 1. HP: 22/22 MP: 0/0
   152 | D:1      | Reached XP level 2. HP: 29/29 MP: 1/1
   667 | D:2      | Reached skill level 3 in Fighting
   671 | D:2      | Reached XP level 3. HP: 31/37 MP: 2/2
   681 | D:2      | Found a blossoming altar of Fedhas.
   767 | D:2      | Found an opulent altar of Gozag.
   972 | D:2      | Found a radiant altar of Vehumet.
   972 | D:2      | Found a burning altar of Makhleb.
  1064 | D:2      | Reached XP level 4. HP: 45/45 MP: 3/3
  1335 | D:3      | Noticed 4thArraOfDagon's ghost (weakling VSBe)
  1342 | D:3      | Killed 4thArraOfDagon's ghost
  1551 | D:3      | Reached XP level 5. HP: 47/54 MP: 4/4
  1569 | D:3      | Reached skill level 4 in Unarmed Combat
  1577 | D:3      | Noticed Ijyb
  1589 | D:3      | Killed Ijyb
  1590 | D:3      | Found an ancient bone altar of Kikubaaqudgha.
  1769 | D:3      | Found a glowing golden altar of the Shining One.
  2022 | D:4      | Reached XP level 6. HP: 61/63 MP: 5/5
  2261 | D:4      | Noticed Sigmund
  2263 | D:4      | Found a staircase to the Ecumenical Temple.
  2267 | D:4      | Killed Sigmund
  2267 | D:4      | Reached skill level 5 in Fighting
  2267 | D:4      | Reached skill level 5 in Unarmed Combat
  2318 | D:4      | Noticed 4thArraOfDagon's ghost (amateur OpGl)
  2325 | D:4      | Killed 4thArraOfDagon's ghost
  2325 | D:4      | Reached XP level 7. HP: 34/72 MP: 6/6
  2332 | D:4      | Noticed an ogre
  2338 | Temple   | Entered the Ecumenical Temple
  2349 | Temple   | Became a worshipper of Warmaster Okawaru
  2406 | D:4      | Killed an ogre
  2449 | D:4      | Found a basalt altar of Yredelemnul.
  2580 | D:4      | Noticed an ogre
  2584 | D:4      | Killed an ogre
  2584 | D:4      | Reached skill level 6 in Unarmed Combat
  2838 | D:5      | Entered Level 5 of the Dungeon
  2838 | D:5      | Noticed Eustachio
  2865 | D:5      | Killed Eustachio
  2869 | D:5      | Found a stormy altar of Qazlal.
  2908 | D:5      | Noticed Grinder
  2937 | D:5      | Killed Grinder
  2937 | D:5      | Reached * piety under Okawaru
  2937 | D:5      | Reached skill level 7 in Unarmed Combat
  2937 | D:5      | Reached XP level 8. HP: 46/84 MP: 7/7
  3831 | D:5      | Found a sacrificial altar of Ru.
  3831 | D:5      | Found a deep blue altar of Sif Muna.
  4224 | D:6      | Reached ** piety under Okawaru
  4224 | D:6      | Reached skill level 8 in Unarmed Combat
  4252 | D:6      | Gained mutation: You can spit weak poison. [mutagenic meat]
  4253 | D:6      | Gained mutation: You expend magic power (3 MP) to strengthen your wands. [mutagenic meat]
  4254 | D:6      | Gained mutation: You are frail (-10% HP). [mutagenic meat]
  4255 | D:6      | Gained mutation: Your magical capacity is low (-10% MP). [mutagenic meat]
  4557 | D:6      | Reached XP level 9. HP: 54/83 MP: 7/7
  4597 | D:6      | Found Zicoewy's Gadget Boutique.
  4666 | D:6      | Noticed Edmund
  4682 | D:6      | Killed Edmund
  5196 | D:6      | Found a shattered altar of Ashenzari.
  5306 | D:7      | Reached skill level 9 in Unarmed Combat
  5875 | D:7      | Reached *** piety under Okawaru
  5931 | D:7      | Found a snail-covered altar of Cheibriados.
  6265 | D:8      | Reached skill level 10 in Unarmed Combat
  6346 | D:8      | Found a sparkling altar of Nemelex Xobeh.
  6515 | D:8      | Found a staircase to the Lair.
  6524 | Lair:1   | Entered Level 1 of the Lair of Beasts
  6572 | Lair:1   | Reached skill level 1 in Evocations
  6703 | Lair:1   | Noticed a komodo dragon
  6710 | Lair:1   | Killed a komodo dragon
  6710 | Lair:1   | Reached XP level 10. HP: 80/95 MP: 5/9
  6823 | Lair:1   | Noticed a komodo dragon
  6839 | Lair:1   | Killed a komodo dragon
  6839 | Lair:1   | Reached **** piety under Okawaru
  6865 | Lair:1   | Noticed a fire drake
  6870 | Lair:1   | Killed a fire drake
  7035 | Lair:1   | Noticed a spiny frog
  7039 | Lair:1   | Killed a spiny frog
  7039 | Lair:1   | Reached skill level 5 in Evocations
  7152 | Lair:1   | Got a brightly glowing robe
  7163 | Lair:1   | Identified the +3 robe of Surum {Int+5} (You found it on level 1 of the Lair of Beasts)
  7421 | Lair:1   | Noticed a spiny frog
  7440 | Lair:1   | Killed a spiny frog
  7440 | Lair:1   | Reached ***** piety under Okawaru
  7663 | Lair:1   | Received a gift from Okawaru
  7798 | Lair:2   | Found an opulent altar of Gozag.
  8092 | Lair:2   | Reached XP level 11. HP: 92/101 MP: 13/13
  8538 | Lair:3   | Received a gift from Okawaru
  8608 | Lair:3   | HP: 5/101 [blink frog (16)]
  9185 | Lair:3   | Reached skill level 10 in Evocations
  9418 | Lair:3   | Noticed a death yak
  9419 | Lair:3   | Noticed a death yak
  9420 | Lair:3   | Noticed a death yak
  9422 | Lair:3   | Noticed a death yak
  9619 | Lair:3   | Killed a death yak
  9632 | Lair:3   | Killed a death yak
  9632 | Lair:3   | Reached XP level 12. HP: 91/109 MP: 15/16
  9634 | Lair:3   | Killed a death yak
  9642 | Lair:3   | Killed a death yak
  9688 | Lair:3   | Noticed a death yak
  9704 | Lair:3   | Killed a death yak
  9704 | Lair:3   | Reached skill level 11 in Evocations
  9875 | Lair:4   | Reached ****** piety under Okawaru
 10036 | Lair:4   | Noticed a five-headed hydra
 10040 | Lair:4   | Killed a five-headed hydra
 10045 | Lair:4   | Noticed Maud
 10164 | Lair:4   | Killed Maud
 10164 | Lair:4   | Received a gift from Okawaru
 10334 | Lair:4   | Noticed a catoblepas
 10354 | Lair:4   | Killed a catoblepas
 10877 | Lair:5   | Noticed a seven-headed hydra
 10990 | Lair:5   | Reached skill level 10 in Fighting
 11030 | Lair:5   | Found a dark tunnel.
 11036 | Volcano  | Entered a volcano
 11291 | Volcano  | Found a bloodstained altar of Trog.
 11453 | Lair:5   | Noticed a fire dragon
 11453 | Lair:5   | a seven-headed hydra changed into a fire dragon
 11992 | Lair:5   | Reached XP level 13. HP: 40/121 MP: 18/18
 12341 | Lair:6   | Reached skill level 12 in Unarmed Combat
 12864 | Lair:6   | Identified a scroll of acquirement
 13011 | Lair:6   | Received a gift from Okawaru
 13277 | Lair:6   | Found a staircase to the Shoals.
 13349 | Lair:6   | Found a hole to the Spider Nest.
 14200 | D:9      | Reached skill level 13 in Unarmed Combat
 14481 | D:9      | You fall through a shaft for 3 floors!
 15177 | D:11     | Received a gift from Okawaru
 15211 | D:11     | Lost mutation: You expend magic power (3 MP) to strengthen your wands. [potion of cure mutation]
 15211 | D:11     | Lost mutation: You are frail (-10% HP). [potion of cure mutation]
 15211 | D:11     | Lost mutation: Your magical capacity is low (-10% MP). [potion of cure mutation]
 15212 | D:11     | HP: 4/139 [six-headed hydra (12)]
 15212 | D:11     | Slain by a six-headed hydra

Vault maps used:
D:1:      dpeg_arrival_houses_and_road, minmay_misc_feat_square
D:2:      amethyst_overflow_temple_binary, nicolae_gozag_seed_capital,
          fedhas_altar_2
D:3:      nicolae_overflow_crystal_walls, lemuel_coloured_pillars_altar,
          first_bread, uniq_iyjb
D:4:      kennysheep_the_goblin_king, old_standard_altar,
          minmay_temple_entry_trees, minmay_misc_feat_pillars, minmay_cupped,
          uniq_sigmund
D:5:      nicolae_qazlal_eye_of_the_storm, gammafunk_temple_overflow_wave,
          serial_co_window_serial, co_window_paths_a, co_window_paths_b,
          co_window_of_opportunity_a, co_window_paths_a, co_window_corner_a,
          co_window_of_opportunity_a, co_window_paths_a, co_window_corner_a,
          co_window_paths_b, co_window_cross_2, co_window_broadway_a,
          co_window_corner_ca, co_window_sun, uniq_eustachio, uniq_grinder
D:6:      nicolae_overflow_hidden_temple, serial_shops, shop,
          patterned_corridor, uniq_edmund
D:7:      old_standard_altar, grunt_livestock, serial_bayou_pond_d,
          grunt_ministairs_9, minmay_unpleasant_kobolds
D:8:      old_standard_altar, lair_0_dummy
D:9:      nicolae_lava_and_water
D:11:     boulder_corridor_run, minmay_joined_circles
D:12:     orc_0_dummy, uniq_harold
Temple:   nicolae_temple_great_sept
Lair:2:   basic_altar
Lair:4:   grunt_megastairs_3, uniq_maud
Lair:5:   nicolae_volcano_entry_hallway, minivault_25, wad_woods_river_01
Lair:6:   dpeg_oklob_gauntlet, minmay_shoals_entry_hut, spider_nest_entry_webs,
          beast_lair_carwin_10, infiniplex_staircase_pool_2
Volcano:  volcano_lake

Action                   |  1- 3 |  4- 6 |  7- 9 | 10-12 | 13-15 || total
-------------------------+-------+-------+-------+-------+-------++-------
Melee: Unarmed           |   110 |   174 |   369 |   637 |   382 ||  1672
Throw: Javelin           |       |       |       |    12 |       ||    12
Invok: Heroism           |       |       |     4 |    23 |     8 ||    35
 Abil: Evoke Flight      |       |       |       |     1 |       ||     1
Evoke: Wand              |       |       |       |    29 |     6 ||    35
  Use: Scroll            |       |       |     6 |    18 |     7 ||    31
       Potion            |       |       |     2 |     8 |     2 ||    12
 Stab: Sleeping          |       |       |     1 |     3 |     1 ||     5
       Confused          |       |       |       |     1 |       ||     1
  Eat: Chunk             |    14 |    12 |    39 |    56 |    36 ||   157
